 Dungeon Crawl Stone Soup version 0.27-a0-604-g29a88b33a7 (webtiles) character file.

Game seed: 3159081863947304353

327 jestyr24 the Conjurer (level 6, -3/41 HPs)
             Began as a Demonspawn Conjurer on Mar 12, 2021.
             Was an Initiate of Kikubaaqudgha.
             Slain by an iron imp (7 damage)
             ... summoned by Xom
             ... on level 4 of the Dungeon.
             The game lasted 00:20:29 (4975 turns).

jestyr24 the Conjurer (Demonspawn Conjurer)         Turns: 4975, Time: 00:20:32

Health: -3/41      AC:  4    Str:  7      XL:     6   Next: 24%
Magic:  5/11       EV: 12    Int: 21      God:    Kikubaaqudgha [......]
Gold:   199        SH:  0    Dex:  9 (12) Spells: 5/12 levels left

rFire    . . .     SeeInvis .   (no weapon)
rCold    . . .     Faith    .   (no shield)
rNeg     . . .     Spirit   .   a - +0 robe
rPois    .         Reflect  .   (no helmet)
rElec    .         Harm     .   (no cloak)
rCorr    .         Rampage  .   (no gloves)
Will     .....                  (no boots)
Stlth    ++........             (no amulet)
HPRegen  0.13/turn              b - ring of flight
MPRegen  0.12/turn              (no ring)

@: no status effects
A: claws 1, iridescent scales 1, demonic guardian 2
a: Renounce Religion, Evoke Flight


You were on level 4 of the Dungeon.
You worshipped Kikubaaqudgha.
Kikubaaqudgha was noncommittal.
You visited 2 branches of the dungeon, and saw 5 of its levels.

You collected 199 gold pieces.

Inventory:

Hand Weapons
 d - a +1 short sword
Missiles
 e - 151 stones
 p - 4 curare-tipped darts
 q - 14 poisoned darts (quivered)
 r - 3 silver javelins
Armour
 a - a +0 robe (worn)
Jewellery
 b - a ring of flight (right claw)
Wands
 o - a wand of flame (13)
 s - a wand of random effects (17)
Scrolls
 c - 2 scrolls of noise {unknown}
 f - a scroll of amnesia {unknown}
 h - a scroll of enchant armour {unknown}
 i - 5 scrolls of identify {unknown}
 j - 3 scrolls of fear {unknown}
 l - a scroll of enchant weapon
 m - a scroll of immolation {unknown}
Potions
 g - 2 potions of might {unknown}
 k - a potion of flight {unknown}
 n - 2 potions of degeneration {unknown}


   Skills:
 - Level 0.2 Fighting
 - Level 1.2 Short Blades
 + Level 2.4 Dodging
 + Level 2.6 Stealth
 * Level 3.5 Spellcasting
 + Level 5.4 Conjurations
 * Level 1.7 Hexes


You had 5 spell levels left.
You knew the following spells:

 Your Spells              Type           Power      Damage    Failure   Level
a - Magic Dart            Conj           100%       1d8       1%          1
b - Searing Ray           Conj           52%        3d5       1%          2
c - Fulminant Prism       Conj/Hex       9%         3d7       28%         4

Your spell library contained the following spells:

 Spells                   Type           Power      Damage    Failure   Level
 Dazzling Flash           Conj/Hex       36%        N/A       9%          3
 Iskenderun's Mystic Bla  Conj/Tloc      15%        2d5       38%         4


Dungeon Overview and Level Annotations

Branches:
Dungeon (4/15)             Temple (1/1) D:4

Altars:
Ashenzari
Cheibriados
Dithmenos
Elyvilon
Fedhas
Gozag
Hepliaklqana
Kikubaaqudgha
Makhleb
Okawaru
Qazlal
Ru
Sif Muna
Trog
Uskayaw
Vehumet
Wu Jian
Xom
Yredelemnul
Zin
The Shining One


Innate Abilities, Weirdness & Mutations

You have sharp fingernails.
You are partially covered in iridescent scales. (AC +2)
A demonic guardian rushes to your aid.


Message History

* * * LOW HITPOINT WARNING * * *
You feel clumsy.
The quasit misses you. x2; The quasit claws you.
* * * LOW HITPOINT WARNING * * *
The white imp closely misses you. The iron imp misses you.
Your rust devil misses the quasit.
You swap places.
The quasit bites you but does no damage.
The quasit claws you but does no damage.
The quasit barely misses you. The quasit bites your rust devil.
The quasit claws your rust devil.
The quasit barely misses your rust devil.
The white imp hits your rust devil but does no damage.
Your rust devil closely misses the quasit.
The quasit bites your rust devil but does no damage.
The quasit claws your rust devil but does no damage. x2
The iron imp hits you.
* * * LOW HITPOINT WARNING * * *
A demonic guardian appears!
The white imp hits your rust devil but does no damage.
The quasit bites you but does no damage.
The quasit barely misses you. x2
Your rust devil closely misses the quasit.
Casting: Searing Ray (safe; 1% risk of failure)
Confirm with . or Enter, or press ? or * to list all spells.
Aiming: Searing Ray (safe; 1% risk of failure)
Press: ? - help, Shift-Dir - straight line, f - quasit
Aim: a quasit (summoned, 39% to evade)
The searing ray hits the quasit.
The quasit is moderately wounded.
The searing ray hits the quasit!
The quasit is severely wounded. (Press . to maintain the ray.)
The quasit bites your rust devil but does no damage.
The quasit misses your rust devil.
The quasit barely misses your rust devil.
The quasit bites you but does no damage.
The quasit misses you. x2; The iron imp hits you!
You die...
Kikubaaqudgha rasps: "You have failed me!
Welcome... death!"

###.####.## ####...##+...
##.....##.. ......#[.)###
#.......#.# #.###.....#
#.......#.# #.# ###...#
.)..._...55####.###.....#
.#.......#55...5....#...###
#.......#4.#####.#..##'..[
##.....##55# #..#.#)#...
###.####@.# ##...###...
......4..# #..#...#(.
..........# #.........
########### #.........
##########


You could see an iron imp (summoned, ally target), 2 quasits, a white imp
(summoned), 2 ufetubi, a friendly ice devil (summoned) and a friendly rust devil
(summoned).

Vanquished Creatures
  Natasha (thrice) (D:3)
  2 worker ants (D:4)
  An adder (D:2)
  3 gnolls (D:4)
  2 worms
  An adder skeleton (D:4)
  2 dart slugs
  2 leopard geckos
  8 orcs
  A ball python (D:2)
  2 giant cockroaches
  5 hobgoblins
  A quokka (D:4)
  9 bats
  3 frilled lizards (D:2)
  7 goblins
  7 kobolds
  A leopard gecko skeleton (D:4)
  4 rats
64 creatures vanquished.

Vanquished Creatures (collateral kills)
  A black bear (D:2)
  An iguana (D:4)
  An orc (D:3)
3 creatures vanquished.

Grand Total: 67 creatures vanquished

Notes
Turn   | Place    | Note
-------+----------+-------------------------------------------
     0 | D:1      | jestyr24 the Demonspawn Conjurer began the quest for the
                  | Orb.
     0 | D:1      | Reached XP level 1. HP: 13/13 MP: 3/3
   340 | D:1      | Gained mutation: A weak demonic guardian rushes to your
                  | aid. [demonic ancestry]
   340 | D:1      | Reached XP level 2. HP: 19/19 MP: 0/5
   570 | D:2      | Found a faded altar of an unknown god.
   577 | D:2      | Became a worshipper of Xom of Chaos
   615 | D:2      | XOM: divination: magic mapping
   834 | D:2      | Learned a level 2 spell: Searing Ray
   913 | D:2      | Gained mutation: You are partially covered in iridescent
                  | scales. (AC +2) [demonic ancestry]
   913 | D:2      | Reached XP level 3. HP: 20/24 MP: 1/6
  1236 | D:2      | Found a broken altar of Ashenzari.
  1727 | D:2      | Noticed a black bear
  1727 | D:2      | XOM: summons friendly quasit
  1741 | D:2      | Killed a black bear
  1742 | D:2      | Reached skill level 1 in Short Blades
  1742 | D:2      | Reached skill level 5 in Conjurations
  1742 | D:2      | Gained mutation: A demonic guardian rushes to your aid.
                  | [demonic ancestry]
  1742 | D:2      | Reached XP level 4. HP: 11/30 MP: 0/8
  1838 | D:2      | XOM: silly message
  2264 | D:2      | Learned a level 4 spell: Fulminant Prism
  2597 | D:3      | Noticed Natasha
  2603 | D:3      | Killed Natasha
  2604 | D:3      | Gained mutation: You have sharp fingernails. [demonic
                  | ancestry]
  2604 | D:3      | Reached XP level 5. HP: 35/35 MP: 1/9
  3152 | D:3      | Noticed Natasha
  3158 | D:3      | Killed Natasha
  3381 | D:3      | Noticed Natasha
  3387 | D:3      | Killed Natasha
  3526 | D:4      | Found a staircase to the Ecumenical Temple.
  3536 | Temple   | Entered the Ecumenical Temple
  3754 | Temple   | XOM: scenery: 4 doors close
  3871 | Temple   | Fell from the grace of Xom
  3871 | Temple   | Became a worshipper of Kikubaaqudgha
  4017 | D:4      | Reached skill level 1 in Hexes
  4140 | D:4      | Found a shimmering altar of Xom.
  4146 | D:4      | Found a sacrificial altar of Ru.
  4147 | D:4      | Found a shadowy altar of Dithmenos.
  4148 | D:4      | Found an ornate altar of the Wu Jian Council.
  4191 | D:4      | XOM: torment (19/35 hp)
  4465 | D:4      | Reached XP level 6. HP: 24/41 MP: 7/11
  4678 | D:4      | Found an iron altar of Okawaru.
  4966 | D:4      | XOM: summons 10 hostile demons
  4975 | D:4      | Slain by an iron imp

Illustrated notes

Levels and vault maps discovered:
D:1:      dpeg_arrival_arbitrary_c, layout_rooms
D:2:      layout_loops_corners, marbit_many_paths,
          chequers_ecumenical_altar_simple, minmay_pentomino_q2
D:3:      layout_loops_cross, eino_tiny_chamber, hangedman_decor_lopped,
          solitary_fountain, uniq_natasha
D:4:      layout_loops_ring, old_standard_altar, minitemple,
          minmay_temple_entry_wispy, serial_shops, nicolae_shop_crystal,
          minmay_fractal_squares_diagonal_5
Temple:   nicolae_temple_figure_eight

Skill      XL: |  1  2  3  4  5 |
---------------+----------------+-----
Short Blades   | 1 |  1.2
Dodging        | 2 |  2.4
Stealth        | 2 |  2.6
Conjurations   | 5 |  5.4
Spellcasting   | 3 |  3.5
Hexes          | 1 |  1.7
Fighting       | |  0.2

Action                   |  1- 3 |  4- 6 || total
-------------------------+-------+-------++-------
Melee: Short sword       |    28 |     3 ||    31
       Unarmed           |       |    34 ||    34
Throw: Dart              |       |     4 ||     4
 Cast: Magic Dart        |    32 |    47 ||    79
       Searing Ray       |    13 |    14 ||    27
  Use: Potion            |       |     1 ||     1
       Scroll            |       |     1 ||     1
 Stab: Sleeping          |     3 |     1 ||     4
Armor: Robe              |    24 |    21 ||    45
Dodge: Dodged            |    35 |    59 ||    94

Table legend: (Time is in decaauts)
 A = Elapsed time spent in this place.
 B = Non-inter-level travel time spent in this place.
 C = Inter-level travel time spent in this place.
 D = Time resting spent in this place.
 E = Time spent auto-exploring this place.
 F = Levels seen in this place.
 G = Mean time per level.
                   A        B        C        D        E       F      G
               +--------+--------+--------+--------+--------+-----+--------+
         Total |   4976 |   4757 |    219 |   1091 |   3050 |   5 |  995.2 |
       Dungeon |   4601 |   4491 |    110 |   1091 |   2850 |   4 | 1150.2 |
        Temple |    374 |    265 |    109 |      0 |    200 |   1 |  374.0 |
               +--------+--------+--------+--------+--------+-----+--------+

Top non-repeatable levels by time:
     D:2: 1761 daAuts
     D:4: 1166 daAuts
     D:3: 1104 daAuts
     D:1: 569 daAuts
  Temple: 374 daAuts
